 Dungeon Crawl Stone Soup version 0.19.5 (webtiles) character file.

3140 JeffiDaFish the Archer (level 9, -4/45 HPs)
             Began as a Spriggan Hunter on Dec 13, 2017.
             Was a Priest of Fedhas.
             Killed by divine providence
             ... invoked by an orc priest
              (16 damage)
             ... on level 8 of the Dungeon.
             The game lasted 00:18:30 (8058 turns).

JeffiDaFish the Archer (Spriggan Hunter)            Turns: 8058, Time: 00:18:31

Health: -4/45      AC:  3    Str:  8    XL:     9   Next: 61%
Magic:  14/14      EV: 33    Int: 13    God:    Fedhas [***...]
Gold:   447        SH:  0    Dex: 23    Spells: 1 memorised, 10 levels left

rFire  . . .     SeeInvis +     a - +3 shortbow
rCold  . . .     Gourm    .     c - +1 robe
rNeg   . . .     Faith    .     (shield currently unavailable)
rPois  .         Spirit   .     (helmet restricted)
rElec  .         Reflect  .     (no cloak)
rCorr  .         Harm     .     (gloves unavailable)
MR     +....                    (boots unavailable)
Stlth  ++++......               (no amulet)
                                u - +5 ring of evasion
                                l - +4 ring of dexterity

@: very quick
A: unfitting armour, see invisible, herbivore 3, speed 3, slow metabolism 2
a: Fungal Bloom, Evolution, Sunlight, Growth, Renounce Religion


You were on level 8 of the Dungeon.
You worshipped Fedhas.
Fedhas was most pleased with you.
You were not hungry.

You visited 1 branch of the dungeon, and saw 8 of its levels.

You collected 447 gold pieces.

Inventory:

Hand Weapons
 a - a +3 shortbow (weapon)
 s - a +0 rapier
Missiles
 d - 58 arrows (quivered)
Armour
 c - a +1 robe (worn)
Jewellery
 l - a +4 ring of dexterity (left hand)
 o - an uncursed ring of poison resistance
 u - a +5 ring of evasion (right hand)
Scrolls
 b - a scroll of amnesia
 e - 5 scrolls of identify
 i - 3 scrolls of remove curse
 n - a scroll of blinking
 q - 2 scrolls of recharging
Potions
 j - a potion of ambrosia
 m - 5 potions of curing
 p - 2 potions of heal wounds
 r - a potion of haste
 t - 3 potions of resistance
Books
 k - a book of Necromancy

   Spells                             Type                      Level
   a - Pain                           Necromancy                   1
   b - Animate Skeleton               Necromancy                   1
   c - Vampiric Draining              Necromancy                   3
   d - Regeneration                   Charms/Necromancy            3
   e - Animate Dead                   Necromancy                   4
   f - Control Undead                 Necromancy                   4
Comestibles
 f - 5 bread rations
 g - 3 fruits
 h - 2 slices of pizza


   Skills:
 + Level 4.0 Fighting
 + Level 3.8 Short Blades
 * Level 9.9 Bows
 * Level 9.8 Dodging
 + Level 7.8 Stealth
 + Level 2.7 Spellcasting
 + Level 4.4 Charms
 + Level 2.5 Necromancy


You had 10 spell levels left.
You knew the following spells:

 Your Spells              Type           Power        Failure   Level  Hunger
a - Regeneration          Chrm/Necr      ##........   17%         3    ###....


Dungeon Overview and Level Annotations

Branches:
Dungeon (8/15)             Temple (0/1) D:5
   Lair: D:8-11

Altars:
Ashenzari
Fedhas
Okawaru
Trog
Uskayaw
Vehumet
Yredelemnul


Innate Abilities, Weirdness & Mutations

You are very small and have problems with some larger weapons.
You are too small for most types of armour.
You have supernaturally acute eyesight. (SInv)
You are a herbivore.
You cover ground extremely quickly.
You need consume almost no food.


Message History

Press: ? - help, Shift-Dir - straight line, f/p - orc priest
Aim: an orc priest, wielding a dagger (severely wounded)
You shoot an arrow.
The arrow closely misses the orc priest.
Firing (i - inventory):
d - 59 arrows (quivered)
Press: ? - help, Shift-Dir - straight line, f/p - orc priest
Aim: an orc priest, wielding a dagger (severely wounded)
You shoot an arrow. The arrow hits the orc priest.
The orc priest is almost dead.
The orc priest mumbles some strange prayers to Beogh against you.
Beogh smites you!
* * * LOW HITPOINT WARNING * * *
You are too injured to fight recklessly!
You are too injured to fight recklessly!
An orc comes into view. It is wielding a short sword.
The orc shouts!
The orc priest invokes the aid of Beogh against you.
Beogh smites you!
You die...
Fedhas appreciates your contribution to the ecosystem.

#....[.....##### #.#
#......[####...## #..
#......)###.....## ###
#......).........# #######
#.......##Z......# #......
#.......##.#...#.####......
####.#####.##........)<..#.
#.#......####.####)##.#.
#.#.###@.####.........#.
#.#)###.......####......
#...o..#.......# #......
###.##.#.......# #...>..
#(o....#.......# #......
#[#(o......(...# #......
#.#######......# #......
#.# #<.....# #...... #.#
#......# ####.##


You could see an orc priest and a hound skeleton (wandering).

Vanquished Creatures
  The ghost of qazlulz the Basher, a novice GrBe of Trog (D:5)
  Sigmund (D:5)
  A water moccasin (D:7)
  2 black bears (D:6)
  A sky beast (D:8)
  2 ogres (D:5)
  2 centaurs
  4 bullfrogs
  5 scorpions
  A water moccasin skeleton (D:7)
  5 killer bees (D:7)
  7 wights
  3 crimson imps
  A bullfrog zombie (D:5)
  A centaur zombie (D:6)
  2 orc priests
  3 hounds
  2 iguanas
  2 bullfrog skeletons
  3 orc wizards (D:6)
  6 worker ants
  A hound skeleton (D:7)
  A worker ant zombie (D:5)
  2 gnolls (D:7)
  A howler monkey skeleton (D:5)
  13 adders
  A shadow imp (D:5)
  2 oozes
  An adder skeleton (D:3)
  2 worms
  2 dart slugs (D:1)
  6 leopard geckos
  24 orcs
  4 ball pythons
  2 giant cockroaches
  4 goblins
  4 hobgoblins
  11 jackals (D:2)
  3 quokkas
  7 bats
  6 frilled lizards
  2 gnoll zombies (D:8)
  8 kobolds
  A leopard gecko skeleton (D:5)
  9 rats
172 creatures vanquished.

Vanquished Creatures (collateral kills)
  A killer bee (D:7)
  An orc priest (D:8)
2 creatures vanquished.

Vanquished Creatures (others)
  A wandering mushroom (D:7)
  A giant cockroach (D:4)
  A goblin (D:7)
  99 toadstools
102 creatures vanquished.

Grand Total: 276 creatures vanquished

Notes
Turn   | Place    | Note
-------+----------+-------------------------------------------
     0 | D:1      | JeffiDaFish the Spriggan Hunter began the quest for the Orb.
     0 | D:1      | Reached XP level 1. HP: 10/10 MP: 2/2
   242 | D:1      | Reached skill level 5 in Bows
   463 | D:1      | Reached XP level 2. HP: 14/14 MP: 3/3
   925 | D:2      | Reached XP level 3. HP: 18/18 MP: 4/4
  1260 | D:2      | Found a faded altar of an unknown god.
  1657 | D:2      | Reached XP level 4. HP: 23/23 MP: 5/5
  1808 | D:3      | Found a blossoming altar of Fedhas.
  1836 | D:3      | Became a worshipper of Fedhas Madash
  2342 | D:4      | Reached XP level 5. HP: 17/26 MP: 6/6
  2364 | D:4      | Reached * piety under Fedhas
  2581 | D:4      | Reached skill level 5 in Dodging
  2594 | D:4      | You fall through a shaft!
  2594 | D:5      | Entered Level 5 of the Dungeon
  2807 | D:5      | Found a staircase to the Ecumenical Temple.
  2819 | D:5      | Reached XP level 6. HP: 32/32 MP: 7/7
  2833 | D:5      | Noticed Sigmund
  2848 | D:5      | Killed Sigmund
  2848 | D:5      | Reached skill level 1 in Short Blades
  3013 | D:5      | Reached XP level 7. HP: 8/35 MP: 8/8
  3251 | D:5      | Found a shattered altar of Ashenzari.
  3573 | D:5      | Noticed qazlulz's ghost (novice GrBe)
  3598 | D:5      | Killed qazlulz's ghost
  3598 | D:5      | Reached skill level 5 in Stealth
  3598 | D:5      | Reached XP level 8. HP: 40/40 MP: 9/9
  3838 | D:4      | Learned a level 3 spell: Regeneration
  3975 | D:4      | Found a radiant altar of Vehumet.
  4458 | D:6      | Found a bloodstained altar of Trog.
  4465 | D:6      | Reached skill level 1 in Charms
  4520 | D:6      | Reached skill level 1 in Spellcasting
  4775 | D:6      | Reached skill level 1 in Necromancy
  4796 | D:6      | Noticed a dagger
  4797 | D:6      | Noticed a hand axe
  4798 | D:6      | Found a hide-covered altar of Uskayaw.
  4890 | D:6      | Reached ** piety under Fedhas
  5998 | D:7      | Reached XP level 9. HP: 45/45 MP: 12/12
  6330 | D:7      | Found an iron altar of Okawaru.
  7469 | D:8      | Found a basalt altar of Yredelemnul.
  7640 | D:8      | Reached *** piety under Fedhas
  8058 | D:8      | Killed from afar by an orc priest

Skill      XL: |  1  2  3  4  5  6  7  8  9 |
---------------+----------------------------+-----
Bows           | 5 6 7 8 9 |  9.9
Stealth        | 2 3 4 5 6 7 |  7.8
Fighting       | 2 3 4 |  4.0
Dodging        | 4 5 6 7 8 9 |  9.8
Short Blades   | 1 2 3 |  3.8
Charms         | 3 4 |  4.4
Spellcasting   | 1 2 |  2.7
Necromancy     | 1 2 |  2.5

Action                   |  1- 3 |  4- 6 |  7- 9 || total
-------------------------+-------+-------+-------++-------
Melee: Short sword       |       |    26 |       ||    26
       Rapier            |       |       |    34 ||    34
 Fire: Shortbow          |   126 |   151 |   487 ||   764
Invok: Fungal Bloom      |       |     8 |    25 ||    33
       Evolution         |       |       |     2 ||     2
  Use: Scroll            |     6 |     3 |    10 ||    19
       Potion            |     4 |     3 |     3 ||    10
 Stab: Sleeping          |       |       |     1 ||     1
  Eat: Bread ration      |       |       |     1 ||     1
Armor: Robe              |    10 |     7 |    14 ||    31
Dodge: Dodged            |    66 |    86 |   239 ||   391
